[Event "Titled Tuesday Blitz July 11 Early 2023"]
[White "Avila Jimenez, Xavier"]
[Black "Janaszak, Dawid"]
[WhiteFideId "2210533"]
[BlackFideId "1119206"]
[WhiteElo "2420"]
[BlackElo "2574"]
[Result "1/2-1/2"]
[Round "6"]
[TimeControl "180+2"]
[Date "2023.07.11"]
[WhiteClock "0:00:19"]
[BlackClock "0:00:12"]
[Board "115"]

1. d4 Nf6 2. c4 e5 3. dxe5 Ng4 4. Bf4 Nc6 5. Nf3 Bc5 6. e3 Qe7 7. Nbd2 Ngxe5 8. Nxe5 Nxe5 9. Be2 h5 10. h3 a5 11. O-O g5 12. Bxe5 Qxe5 13. Bxh5 Ra6 14. Nf3 Qg7 15. Nd4 Rf6 16. Bg4 Qg6 17. Re1 O-O 18. Rc1 b6 19. Qc2 Bb4 20. Qxg6+ Rxg6 21. Re2 Re8 22. a3 Bc5 23. Nb5 c6 24. Nc3 Ba6 25. Bxd7 Rd8 26. Bf5 Rf6 27. Bg4 Bxc4 28. Ree1 Bd3 29. Rcd1 Rfd6 30. Rc1 Kf8 31. Bf3 b5 32. Nxb5 Bxb5 33. Rxc5 Rd2 34. Bxc6 Bxc6 35. Rxc6 Rxb2 36. Rc5 Rdd2 37. Rf1 f6 38. Rxa5 Ra2 39. a4 Kf7 40. Ra7+ Kg6 41. a5 Ra3 42. a6 Rda2 43. Kh2 Kf5 44. Kg3 Rb2 45. Rb7 Rxb7 46. axb7 Rb3 47. f3 Rxb7 48. e4+ Kg6 49. Rd1 Rb2 50. Rd6 Re2 51. Rd5 Kf7 52. Ra5 Ke6 53. Ra3 Kf7 54. f4 Rxe4 55. fxg5 fxg5 56. Rf3+ Kg6 57. Ra3 Rc4 58. Kf3 Rb4 59. Ra6+ Kg7 60. Kg3 Rc4 61. Rb6 Ra4 62. Kf3 Rc4 63. Ke3 Ra4 64. Kd3 Ra2 65. g4 Ra3+ 66. Ke4 Rxh3 67. Kf5 Ra3 68. Kxg5 Ra5+ 69. Kf4 Rc5 70. g5 Rc1 71. Kg4 Rg1+ 72. Kf5 Rf1+ 73. Kg4 Rg1+ 74. Kh5 Rh1+ 75. Kg4 Rg1+ 1/2-1/2


[Site "https://www.chess.com"]

[Event "Titled Tuesday Blitz July 11 Early 2023"]
[White "Safin, Robert"]
[Black "Estrada Nieto, Julian"]
[WhiteFideId "34189120"]
[BlackFideId "5101018"]
[WhiteElo "2567"]
[BlackElo "2416"]
[Result "0-1"]
[Round "6"]
[TimeControl "180+2"]
[Date "2023.07.11"]
[WhiteClock "0:00:00"]
[BlackClock "0:00:46"]
[Board "116"]

1. e4 e5 2. Nf3 Nc6 3. Bc4 Bc5 4. b4 Bb6 5. a4 a6 6. a5 Ba7 7. c3 Nf6 8. d3 d6 9. h3 h6 10. O-O g5 11. Be3 g4 12. hxg4 Bxg4 13. Nbd2 Rg8 14. Qb3 Qd7 15. Bxa7 Nxa7 16. Rfe1 Rg7 17. Nh4 O-O-O 18. Nf1 Rdg8 19. Re3 Be6 20. Rg3 Nh5 21. Rxg7 Rxg7 22. Bxe6 Qxe6 23. Qxe6+ fxe6 24. Ne3 Nf4 25. Rd1 Ne2+ 26. Kf1 Nxc3 27. Rc1 Nab5 28. Ke1 Kd7 29. f3 d5 30. Ng4 Kd6 31. Nf6 Ke7 32. Ng4 Kd6 33. Nf6 Rf7 34. Ng4 h5 35. Ne3 Na2 0-1


[Site "https://www.chess.com"]

[Event "Titled Tuesday Blitz July 11 Early 2023"]
[White "Lopez Gracia, Fernando"]
[Black "Girya, Olga"]
[WhiteFideId "2207184"]
[BlackFideId "4195752"]
[WhiteElo "2407"]
[BlackElo "2563"]
[Result "1-0"]
[Round "6"]
[TimeControl "180+2"]
[Date "2023.07.11"]
[WhiteClock "0:00:55"]
[BlackClock "0:00:01"]
[Board "117"]

1. e4 e5 2. Nf3 Nc6 3. d4 exd4 4. Nxd4 Nf6 5. Nc3 Bb4 6. Nxc6 bxc6 7. Bd3 O-O 8. O-O d5 9. exd5 cxd5 10. Bg5 c6 11. Na4 h6 12. Bh4 Bd6 13. c3 Re8 14. Bc2 Ba6 15. Re1 Be7 16. Qd4 Ne4 17. Bxe7 Rxe7 18. Bxe4 dxe4 19. Rxe4 Qxd4 20. Rxd4 Rae8 21. h3 Bc8 22. Rad1 Re1+ 23. Kh2 Kh7 24. Nc5 Bf5 25. g4 Bg6 26. Nb3 Rxd1 27. Rxd1 Bc2 28. Rd2 Bxb3 29. axb3 a5 30. c4 Rb8 31. Rd3 Rb4 32. Rc3 g5 33. Kg3 Kg6 34. f4 gxf4+ 35. Kxf4 a4 36. bxa4 Rxa4 37. h4 Rb4 38. b3 h5 39. g5 f6 40. Rg3 fxg5+ 41. Rxg5+ Kh6 42. Rg3 Rb8 43. Ke4 c5 44. Kd5 Rc8 45. Kd6 Kh7 46. Rg5 Kh6 47. Rxc5 Rd8+ 48. Kc7 Rd3 49. b4 Rd4 50. b5 Rxh4 51. b6 Rg4 52. b7 h4 53. b8=Q 1-0


[Site "https://www.chess.com"]

[Event "Titled Tuesday Blitz July 11 Early 2023"]
[White "Leebit02"]
[Black "Rios Escobar, Adan"]
[BlackFideId "3403645"]
[WhiteElo "2562"]
[BlackElo "2406"]
[Result "0-1"]
[Round "6"]
[TimeControl "180+2"]
[Date "2023.07.11"]
[WhiteClock "0:00:00"]
[BlackClock "0:00:07"]
[Board "118"]

1. e4 d5 2. exd5 Nf6 3. d4 Nxd5 4. c4 Nf6 5. Nc3 e5 6. d5 c6 7. Bg5 Bc5 8. Qd2 Bf5 9. Nf3 e4 10. Nd4 Bg6 11. Be2 h6 12. Bh4 O-O 13. O-O Re8 14. a3 a5 15. Rad1 a4 16. Qf4 Qb6 17. Bxf6 gxf6 18. Qxf6 Nd7 19. Qh4 Bxd4 20. dxc6 bxc6 21. Bg4 Ne5 22. Ne2 Bxb2 23. Rb1 Rab8 24. Nf4 Qd4 25. Rfd1 Nd3 26. Qxh6 Nxf4 27. Rxd4 Bxd4 28. Rxb8 Rxb8 29. g3 Rb1+ 0-1


[Site "https://www.chess.com"]

[Event "Titled Tuesday Blitz July 11 Early 2023"]
[White "Topalov, Aleksandar"]
[Black "Thecourseoisildur"]
[WhiteFideId "925659"]
[WhiteElo "2402"]
[BlackElo "2555"]
[Result "1-0"]
[Round "6"]
[TimeControl "180+2"]
[Date "2023.07.11"]
[WhiteClock "0:00:01"]
[BlackClock "0:00:04"]
[Board "119"]

1. b3 e5 2. Bb2 Nc6 3. c4 Nf6 4. e3 a6 5. Nf3 e4 6. Nd4 Nxd4 7. Bxd4 c5 8. Bb2 Be7 9. Qc2 O-O 10. Nc3 Re8 11. Nxe4 d6 12. Bd3 h6 13. O-O b6 14. Ng3 d5 15. cxd5 Qxd5 16. Bxf6 Bxf6 17. Be4 Rxe4 18. Qxe4 Qxe4 19. Nxe4 Bxa1 20. Rxa1 Bb7 21. Nc3 Rd8 22. Rd1 b5 23. f3 Bc6 24. d4 cxd4 25. exd4 b4 26. Ne4 a5 27. Kf2 a4 28. bxa4 Bxa4 29. Rd2 Bc6 30. Nc5 Bd5 31. Nd3 b3 32. axb3 Bxb3 33. Ke3 Re8+ 34. Kf2 Bc4 35. Ne5 Bd5 36. Nd3 Rd8 37. Nb4 Bb7 38. d5 Kf8 39. Ke3 Ke7 40. Kd4 Kd6 41. Rb2 Rc8 42. Re2 Ba6 43. Rc2 Rb8 44. Rc6+ Kd7 45. Nxa6 Rb2 46. Nc5+ Kd8 47. Rd6+ Ke7 48. Rd7+ Ke8 49. Ra7 Rd2+ 50. Ke5 Rxg2 51. d6 f6+ 52. Ke6 Re2+ 53. Kd5 Kf8 54. Ra8+ Kf7 55. d7 Rd2+ 56. Kc6 Ke7 57. d8=Q+ Kf7 58. Qe8# 1-0


[Site "https://www.chess.com"]

[Event "Titled Tuesday Blitz July 11 Early 2023"]
[White "Gaal, Zsoka"]
[Black "Domingo Nunez, Alejandro"]
[WhiteFideId "777765"]
[BlackFideId "22245561"]
[WhiteElo "2399"]
[BlackElo "2553"]
[Result "1-0"]
[Round "6"]
[TimeControl "180+2"]
[Date "2023.07.11"]
[WhiteClock "0:00:06"]
[BlackClock "0:00:00"]
[Board "120"]

1. Nf3 g6 2. g3 Bg7 3. Bg2 d6 4. O-O Nf6 5. b3 O-O 6. Bb2 Nbd7 7. d4 c5 8. c4 Rb8 9. Nc3 a6 10. a4 b6 11. e4 Ne8 12. Qd2 Nc7 13. Rad1 b5 14. cxb5 axb5 15. a5 b4 16. Na4 Ba6 17. Rfe1 c4 18. bxc4 Bxc4 19. Rc1 Bb3 20. Ra1 d5 21. e5 Rb5 22. Bf1 Bc4 23. Nc5 Nxc5 24. dxc5 Na6 25. c6 Qc7 26. Nd4 Rc5 27. e6 f5 28. Rec1 f4 29. Bg2 Qd6 30. Ra4 Be5 31. Re1 Bg7 32. Rxb4 Nxb4 33. Qxb4 fxg3 34. hxg3 Ba6 35. Qb6 Bd3 36. Rd1 Be4 37. Ba3 1-0


[Site "https://www.chess.com"]

[Event "Titled Tuesday Blitz July 11 Early 2023"]
[White "cedchass2006"]
[Black "Chernomordik, Pavel"]
[BlackFideId "2804530"]
[WhiteElo "2398"]
[BlackElo "2551"]
[Result "1/2-1/2"]
[Round "6"]
[TimeControl "180+2"]
[Date "2023.07.11"]
[WhiteClock "0:00:02"]
[BlackClock "0:00:27"]
[Board "121"]

1. e4 g6 2. d4 Bg7 3. Nf3 d6 4. Be3 Nf6 5. Nc3 O-O 6. Qd2 b6 7. Bh6 c5 8. h4 Bg4 9. h5 Bxh5 10. Be2 cxd4 11. Nxd4 Bxe2 12. Bxg7 Kxg7 13. Qh6+ Kg8 14. Ndxe2 e6 15. O-O-O Nc6 16. f4 Qe7 17. g4 Rfc8 18. g5 Nh5 19. Ng3 Qf8 20. Nxh5 gxh5 21. Rxh5 Qxh6 22. Rxh6 Kg7 23. Rxd6 Ne7 24. Rd7 Re8 25. Rh3 Ng6 26. Ne2 Re7 27. Rhd3 Rxd7 28. Rxd7 e5 29. f5 Nf4 30. Nxf4 exf4 31. e5 Kg8 32. Kd2 Re8 33. Rd5 Kg7 34. Ke2 h6 35. gxh6+ Kxh6 36. Kf3 Kg5 37. e6 fxe6 38. fxe6+ Kf6 39. Kxf4 Kxe6 40. Re5+ Kd7 41. Rxe8 Kxe8 42. Ke5 Ke7 43. Kd5 Kd7 44. c4 Kc7 45. c5 bxc5 46. Kxc5 a6 47. Kb4 Kb6 48. Ka4 a5 49. Kb3 Kb5 50. Kc3 Kc5 51. b3 Kb5 52. a3 Kc5 53. Kd3 Kd5 54. Ke3 Ke5 55. Kd3 Kd5 56. Kc3 Kc5 57. Kd3 Kd5 1/2-1/2


[Site "https://www.chess.com"]

[Event "Titled Tuesday Blitz July 11 Early 2023"]
[White "Rian, Kapriaga"]
[Black "Jaskolka, Tomasz"]
[WhiteFideId "7103263"]
[BlackFideId "1170791"]
[WhiteElo "2394"]
[BlackElo "2534"]
[Result "0-1"]
[Round "6"]
[TimeControl "180+2"]
[Date "2023.07.11"]
[WhiteClock "0:00:00"]
[BlackClock "0:00:24"]
[Board "122"]

1. d4 d5 2. Nf3 Nc6 3. Bf4 Bf5 4. e3 e6 5. Be2 Nf6 6. Nh4 Bd6 7. Nxf5 exf5 8. Bxd6 Qxd6 9. O-O a6 10. c4 dxc4 11. Bxc4 b5 12. Be2 O-O 13. Nd2 f4 14. Rc1 fxe3 15. fxe3 Rad8 16. Bf3 Ne7 17. Qc2 Ned5 18. Rce1 Rfe8 19. Qb3 Nxe3 20. Rxe3 Qxd4 21. Ne4 Nd5 22. Re1 Nxe3 23. Rxe3 c5 24. Qc3 f5 25. Qxd4 cxd4 26. Re1 fxe4 27. Bxe4 d3 28. Bd5+ Kh8 29. Rxe8+ Rxe8 30. Kf2 d2 31. Bb3 Re1 0-1


[Site "https://www.chess.com"]

[Event "Titled Tuesday Blitz July 11 Early 2023"]
[White "Palencia Morales, Wilson Guillermo"]
[Black "Villuendas Valero, Adrian"]
[WhiteFideId "4401859"]
[BlackFideId "2262460"]
[WhiteElo "2531"]
[BlackElo "2389"]
[Result "1/2-1/2"]
[Round "6"]
[TimeControl "180+2"]
[Date "2023.07.11"]
[WhiteClock "0:00:20"]
[BlackClock "0:00:03"]
[Board "123"]

1. d4 e6 2. Nf3 Nf6 3. c4 Bb4+ 4. Nbd2 O-O 5. a3 Bxd2+ 6. Qxd2 d6 7. b4 a5 8. b5 Nbd7 9. e3 e5 10. dxe5 Nxe5 11. Bb2 Nxf3+ 12. gxf3 Bf5 13. Rg1 Bg6 14. Qd4 d5 15. O-O-O c6 16. f4 dxc4 17. Qe5 Qe8 18. f5 Qxe5 19. Bxe5 Bxf5 20. Bxf6 Bg6 21. Bd4 cxb5 22. h4 h5 23. f4 Kh7 24. Be2 f5 25. Rg5 Ra6 26. Bxh5 Bxh5 27. Rxh5+ Rh6 28. Rxh6+ Kxh6 29. Rg1 g6 30. Rg5 Re8 31. h5 gxh5 32. Rxf5 h4 33. Rg5 Re4 34. Kd2 b4 35. axb4 axb4 36. Rb5 c3+ 37. Ke2 h3 38. Rb6+ Kh5 39. Kf3 h2 40. Kg2 c2 41. Bb2 Rxe3 42. Kxh2 Re1 43. Rxb7 c1=Q 44. Bxc1 Rxc1 45. Rxb4 Kg4 46. Kg2 Rc2+ 47. Kf1 Kf3 48. Ke1 Re2+ 49. Kd1 Re4 50. Rxe4 Kxe4 51. f5 Kxf5 1/2-1/2


[Site "https://www.chess.com"]

[Event "Titled Tuesday Blitz July 11 Early 2023"]
[White "Llanos, Guillermo"]
[Black "Malyi, Viacheslav"]
[WhiteFideId "100358"]
[BlackFideId "14123983"]
[WhiteElo "2387"]
[BlackElo "2529"]
[Result "1-0"]
[Round "6"]
[TimeControl "180+2"]
[Date "2023.07.11"]
[WhiteClock "0:01:28"]
[BlackClock "0:00:49"]
[Board "124"]

1. c4 Nf6 2. Nc3 g6 3. e4 d6 4. g3 Bg7 5. Bg2 O-O 6. Nge2 c5 7. d4 cxd4 8. Nxd4 Nc6 9. Nc2 Be6 10. b3 Rc8 11. O-O a6 12. Bd2 Qd7 13. Re1 Rfd8 14. Ne3 Ne5 15. f4 Neg4 16. Bf3 Nxe3 17. Bxe3 Bg4 18. Rc1 Bxf3 19. Qxf3 Ng4 20. Bd2 Bd4+ 21. Kg2 e5 22. Nd5 Qe6 23. f5 gxf5 24. exf5 1-0


[Site "https://www.chess.com"]

[Event "Titled Tuesday Blitz July 11 Early 2023"]
[White "Berezin, Viktor"]
[Black "a-z30"]
[WhiteFideId "14107872"]
[WhiteElo "2521"]
[BlackElo "2383"]
[Result "0-1"]
[Round "6"]
[TimeControl "180+2"]
[Date "2023.07.11"]
[WhiteClock "0:00:04"]
[BlackClock "0:00:14"]
[Board "125"]

1. d4 Nf6 2. c4 e6 3. Nf3 c5 4. d5 d6 5. Nc3 g6 6. e4 Bg7 7. Be2 O-O 8. O-O exd5 9. cxd5 Bg4 10. Nd2 Bxe2 11. Qxe2 a6 12. a4 Nbd7 13. a5 Re8 14. Nc4 Ne5 15. Nb6 Rb8 16. h3 Nfd7 17. Nba4 c4 18. b3 Qxa5 19. bxc4 b5 20. Bd2 bxa4 21. Rxa4 Qb6 22. Be3 Qb3 23. Rc1 Nc5 24. Bxc5 dxc5 25. Rxa6 Qxc4 26. Qxc4 Nxc4 27. Na4 Nd2 28. Nxc5 Nxe4 29. Nxe4 Rxe4 30. d6 Rd4 31. g3 Rd8 32. Rcc6 Bf8 33. Kg2 R4xd6 34. Rxd6 Rxd6 35. Ra2 Rf6 36. h4 h6 37. Rc2 Bg7 38. Rd2 Kh7 39. Rc2 Re6 40. Rd2 Bf6 41. Rc2 Re7 42. Rd2 Kg7 43. Rd6 h5 44. Rd2 Rb7 45. Rc2 Rb2 46. Rc4 Rd2 47. Kf3 Bd4 0-1


[Site "https://www.chess.com"]

[Event "Titled Tuesday Blitz July 11 Early 2023"]
[White "Bueno, Alfeu Junior Varela"]
[Black "Bilan, Danila"]
[WhiteFideId "2108879"]
[BlackFideId "24161918"]
[WhiteElo "2382"]
[BlackElo "2519"]
[Result "0-1"]
[Round "6"]
[TimeControl "180+2"]
[Date "2023.07.11"]
[WhiteClock "0:00:03"]
[BlackClock "0:00:05"]
[Board "126"]

1. e4 c6 2. d4 d5 3. f3 Qa5+ 4. Nc3 dxe4 5. fxe4 e5 6. Nf3 Nd7 7. Bc4 Bb4 8. O-O Ngf6 9. Bg5 exd4 10. e5 dxc3 11. exf6 O-O 12. fxg7 Re8 13. Nd4 Qxg5 14. Bxf7+ Kxg7 15. Bxe8 Nf6 16. Rf3 Bg4 17. Rg3 cxb2 18. Ne6+ Bxe6 19. Rxg5+ Kf8 20. Rb1 Bc5+ 21. Kh1 Rxe8 22. Qd2 Ke7 23. Qf4 Rg8 24. Rxg8 Bxg8 25. Qg5 Bd5 26. Rxb2 Kf7 27. Qh4 Ne4 28. Qf4+ Ke6 29. Qc7 Nf2+ 30. Kg1 Nd3+ 31. Kf1 Nxb2 32. Qxb7 Bc4+ 33. Ke1 Bb5 34. Qc8+ Kd5 35. Qh8 Bb4+ 36. Kf2 Nc4 37. Qxh7 Bc5+ 38. Ke1 Ne5 39. Qb7 Bb4+ 40. Kd1 Bc3 41. Qc8 Nc4 42. Qa8 Ne3+ 43. Kc1 a6 44. Qa7 Nc4 45. Qb8 Bb2+ 46. Kb1 Be5 47. Qg8+ Kc5 48. Qg4 Nd2+ 49. Kc1 Nc4 50. a4 Bxa4 51. Qc8 Bb5 52. Qb8 Bxb8 0-1


[Site "https://www.chess.com"]

[Event "Titled Tuesday Blitz July 11 Early 2023"]
[White "Dushyant Sharma"]
[Black "Mayaud, Raphael"]
[WhiteFideId "25065130"]
[BlackFideId "627151"]
[WhiteElo "2507"]
[BlackElo "2381"]
[Result "1-0"]
[Round "6"]
[TimeControl "180+2"]
[Date "2023.07.11"]
[WhiteClock "0:00:15"]
[BlackClock "0:00:12"]
[Board "127"]

1. e4 d5 2. exd5 Qxd5 3. Nc3 Qa5 4. g3 c6 5. Bg2 Nf6 6. Nge2 Bf5 7. d3 e6 8. Be3 Nbd7 9. O-O Be7 10. a3 O-O 11. h3 h6 12. Qd2 Qc7 13. Rae1 Rfe8 14. Nd4 Bg6 15. f4 Bd6 16. Ne4 Nxe4 17. dxe4 Rad8 18. Qf2 e5 19. f5 exd4 20. fxg6 fxg6 21. Qf7+ Kh7 22. Bxd4 Ne5 23. Qxc7 Bxc7 24. Bc3 Rf8 25. g4 g5 26. Rf5 Rfe8 27. Ref1 Re7 28. Bb4 Bd6 29. Bc3 Bc7 30. Kh1 Rde8 31. R1f2 Rd8 32. Bf1 b5 33. Kg2 a6 34. b3 Rdd7 35. a4 Rd8 36. Bb4 Re6 37. Bc3 Rde8 38. Be2 Rd8 39. Bb2 Rde8 40. c4 Bb6 41. Rf1 Bc7 42. axb5 axb5 43. cxb5 cxb5 44. Bxb5 Rd8 45. R1f2 Bb6 46. Bxe5 Bxf2 47. Kxf2 Rd2+ 48. Ke3 Rh2 49. Bxh2 1-0


[Site "https://www.chess.com"]

[Event "Titled Tuesday Blitz July 11 Early 2023"]
[White "Reprintsev, Alexander"]
[Black "GAO"]
[WhiteFideId "14100541"]
[WhiteElo "2503"]
[BlackElo "2380"]
[Result "1-0"]
[Round "6"]
[TimeControl "180+2"]
[Date "2023.07.11"]
[WhiteClock "0:00:04"]
[BlackClock "0:00:00"]
[Board "128"]

1. e4 c5 2. b3 e5 3. Bb2 Nc6 4. f4 d6 5. Bb5 Bd7 6. Qf3 Nf6 7. Ne2 Be7 8. d3 Qa5+ 9. Nec3 Nd4 10. Bxd7+ Nxd7 11. Qf2 O-O 12. O-O Nf6 13. h3 b5 14. a4 b4 15. Nd1 exf4 16. Bxd4 cxd4 17. Nb2 Qc5 18. Nc4 d5 19. exd5 Nxd5 20. Nbd2 Ne3 21. Ne4 Qc7 22. Qxf4 Qxf4 23. Rxf4 Nxc2 24. Rc1 Ne3 25. Ng3 Nd5 26. Rxd4 Nc3 27. Rd7 Bf6 28. Kh2 Rfd8 29. Rxd8+ Rxd8 30. Na5 Be5 31. Nc6 Rd5 32. Nxe5 Rxe5 33. Ne4 g6 34. Nxc3 bxc3 35. Rxc3 Re2 36. Rc4 Rd2 37. d4 a5 38. Rc5 Rb2 39. Rb5 Kg7 40. d5 Kf6 41. Kg3 Ke5 42. Kf3 Kd6 43. g4 Ke5 44. h4 Rh2 45. Kg3 Rb2 46. g5 Kd6 47. Kf3 Ke5 48. Kg4 Rg2+ 49. Kh3 Rb2 50. Kg3 Kd6 51. Kf4 Rf2+ 52. Ke3 Rb2 53. Kd4 Rh2 54. Rb6+ Kc7 55. Rc6+ Kd7 56. Rf6 Rxh4+ 57. Kc5 Rh3 58. Rxf7+ Kd8 59. Rb7 Rc3+ 60. Kd6 Ke8 61. Rxh7 Rxb3 62. Re7+ Kd8 63. Rg7 Rb6+ 64. Kc5 Rb4 65. Kd6 Rb6+ 66. Ke5 Rb4 67. Ke6 Re4+ 68. Kf6 Rxa4 69. Kxg6 Rd4 70. Ra7 Rxd5 71. Kf6 Ke8 72. g6 Rd6+ 73. Kg7 a4 74. Rxa4 Rd7+ 75. Kg8 Ke7 76. g7 Kf6 77. Rf4+ Kg6 78. Rg4+ Kh6 79. Rh4+ Kg6 80. Rg4+ Kf6 81. Rg1 Rd8+ 82. Kh7 Rd7 83. Rf1+ Kg5 84. Kh8 Kg6 85. g8=Q+ 1-0


[Site "https://www.chess.com"]

[Event "Titled Tuesday Blitz July 11 Early 2023"]
[White "Ljukin, Sergei"]
[Black "Goldin, Roman"]
[WhiteFideId "14102200"]
[BlackFideId "2803860"]
[WhiteElo "2500"]
[BlackElo "2376"]
[Result "0-1"]
[Round "6"]
[TimeControl "180+2"]
[Date "2023.07.11"]
[WhiteClock "0:00:10"]
[BlackClock "0:00:39"]
[Board "129"]

1. e4 Nc6 2. Nf3 e5 3. Bb5 a6 4. Ba4 d6 5. c3 Bd7 6. O-O Nge7 7. d4 Ng6 8. d5 Nb8 9. Bxd7+ Nxd7 10. c4 Be7 11. Nc3 Nh4 12. Be3 O-O 13. Nxh4 Bxh4 14. g3 Bg5 15. f4 exf4 16. gxf4 Bh6 17. Qg4 f5 18. exf5 Nf6 19. Qh3 Qd7 20. Bd4 Rae8 21. Rae1 Rxe1 22. Rxe1 Bxf4 23. Re6 c5 24. Bxf6 Rxf6 25. Rxf6 gxf6 26. Qg4+ Qg7 27. Qxg7+ Kxg7 28. b3 Be5 29. Ne4 Kh6 30. Kg2 Kh5 31. a3 Kg4 32. b4 cxb4 33. axb4 Kxf5 34. Nf2 b6 35. h3 a5 36. bxa5 bxa5 37. Nd3 Ke4 0-1


[Site "https://www.chess.com"]

[Event "Titled Tuesday Blitz July 11 Early 2023"]
[White "Harriott, Tyrell"]
[Black "Fonseca Manrique, Enrique"]
[WhiteFideId "2086484"]
[BlackFideId "5114330"]
[WhiteElo "2374"]
[BlackElo "2496"]
[Result "1-0"]
[Round "6"]
[TimeControl "180+2"]
[Date "2023.07.11"]
[WhiteClock "0:00:31"]
[BlackClock "0:00:10"]
[Board "130"]

1. d4 Nf6 2. e3 g6 3. Bd3 Bg7 4. f4 c5 5. c3 d6 6. Nf3 O-O 7. O-O Nc6 8. Bc2 e5 9. d5 e4 10. Ng5 Ne7 11. c4 b5 12. cxb5 Bg4 13. Qe1 Bf5 14. Nc3 Nexd5 15. Ncxe4 Nb4 16. Bb1 h6 17. a3 Nbd5 18. Nxf6+ Qxf6 19. Bxf5 Qxf5 20. e4 Qf6 21. Nh3 Rfe8 22. Nf2 Nxf4 23. Ng4 Qd4+ 24. Be3 Rxe4 25. Bxd4 Bxd4+ 26. Kh1 Rxe1 27. Raxe1 Nd3 28. Re7 Rf8 29. Nxh6+ Kg7 30. Rexf7+ Rxf7 31. Nxf7 Nf2+ 32. Kg1 Kxf7 33. Rxf2+ Ke6 34. Kf1 Bxf2 35. Kxf2 Kd5 36. b3 Kd4 37. a4 Kc3 38. a5 Kxb3 39. b6 c4 40. b7 1-0


[Site "https://www.chess.com"]

[Event "Titled Tuesday Blitz July 11 Early 2023"]
[White "Ahn, Hongjin"]
[Black "Manukian, Artak"]
[WhiteFideId "13201492"]
[BlackFideId "13301373"]
[WhiteElo "2372"]
[BlackElo "2496"]
[Result "1-0"]
[Round "6"]
[TimeControl "180+2"]
[Date "2023.07.11"]
[WhiteClock "0:00:03"]
[BlackClock "0:00:30"]
[Board "131"]

1. b3 Nf6 2. Bb2 g6 3. g3 Bg7 4. Bg2 O-O 5. Nf3 d5 6. O-O c5 7. c4 d4 8. e3 Nc6 9. exd4 cxd4 10. Re1 Re8 11. Ne5 Nxe5 12. Rxe5 Ng4 13. Rd5 Qc7 14. Na3 e5 15. Nb5 Qb8 16. Nd6 Rf8 17. Nxc8 Qxc8 18. Ba3 Re8 19. Bh3 h5 20. f3 e4 21. fxg4 e3 22. Qf1 e2 23. Qf2 hxg4 24. Bg2 f5 25. Re1 Qe6 26. Rxd4 Bxd4 27. Qxd4 Kh7 28. Bxb7 Rad8 29. Bd5 Qa6 30. Bb2 Rd7 31. Bg8+ Kxg8 32. Qxd7 Qe6 33. Qg7# 1-0


[Site "https://www.chess.com"]

[Event "Titled Tuesday Blitz July 11 Early 2023"]
[White "Postlmayer, Jakob"]
[Black "Mejia, Cherry Ann"]
[WhiteFideId "1643622"]
[BlackFideId "5206880"]
[WhiteElo "2493"]
[BlackElo "2371"]
[Result "0-1"]
[Round "6"]
[TimeControl "180+2"]
[Date "2023.07.11"]
[WhiteClock "0:00:00"]
[BlackClock "0:00:55"]
[Board "132"]

1. e4 c5 2. Nf3 Nc6 3. Bb5 Qb6 4. Nc3 e6 5. Bxc6 Qxc6 6. O-O a6 7. d4 cxd4 8. Nxd4 Qc7 9. Re1 d6 10. Bg5 h6 11. Bh4 Be7 12. Bxe7 Nxe7 13. Nb3 O-O 14. Qd3 Nc6 15. Rad1 Rd8 16. f4 b5 17. Kh1 Bb7 18. a3 Rac8 19. Nd4 Na5 20. Nde2 Nc4 21. Rb1 d5 22. e5 d4 23. Nd1 Qc6 24. Rg1 Qe4 25. Nf2 Qe3 26. Nd1 Qe4 27. Nf2 Qd5 28. h3 Ne3 29. Kh2 Nxg2 30. Qg3 Rxc2 31. Rbe1 d3 32. Nxd3 Qxd3 33. Rxg2 Qxg3+ 0-1


[Site "https://www.chess.com"]

[Event "Titled Tuesday Blitz July 11 Early 2023"]
[White "Bashirli, Saadat"]
[Black "AlivodicDario"]
[WhiteFideId "13429990"]
[WhiteElo "2362"]
[BlackElo "2490"]
[Result "0-1"]
[Round "6"]
[TimeControl "180+2"]
[Date "2023.07.11"]
[WhiteClock "0:00:03"]
[BlackClock "0:00:07"]
[Board "133"]

1. e4 e6 2. d4 d5 3. exd5 exd5 4. Bd3 c5 5. c3 Nc6 6. Ne2 Nf6 7. O-O Bd6 8. h3 O-O 9. Be3 c4 10. Bc2 Ne7 11. Bf4 Bf5 12. Bxf5 Nxf5 13. Nd2 Re8 14. Bxd6 Qxd6 15. Nf3 Ne4 16. Qc2 f6 17. Rfe1 b5 18. Nd2 Nxf2 19. Kxf2 Ne3 20. Qc1 Qh2 21. Rg1 Nxg2 22. Nf3 Rxe2+ 23. Kf1 Qg3 24. Kxe2 Re8+ 25. Ne5 fxe5 26. Qd2 exd4+ 27. Kd1 Qf3+ 28. Kc1 dxc3 29. bxc3 Re2 30. Qd4 Re3 31. Rxg2 Qf1+ 32. Kb2 Qxg2+ 33. Ka3 Qe4 34. Qxe4 Rxe4 35. Kb4 Re5 36. Kxb5 d4+ 37. Kb4 dxc3 38. Kxc3 Re3+ 39. Kxc4 Rxh3 40. Rb1 Ra3 41. Rb8+ Kf7 42. Rb7+ Kg6 43. Rb2 h5 44. Kb4 Ra6 45. Rg2+ Kh6 46. a4 Rb6+ 47. Kc5 g5 48. a5 Rb1 49. a6 Rb6 50. Ra2 h4 51. Kc4 g4 52. Kc5 h3 53. Rf2 Kg5 54. Rf7 Rxa6 55. Rg7+ Kh4 56. Rh7+ Kg3 57. Kb5 Rb6+ 58. Ka5 h2 59. Rh8 Kg2 60. Rg8 g3 61. Re8 h1=Q 62. Re2+ Kh3 63. Ra2 Qd5+ 64. Ka4 Qb5+ 65. Ka3 Qb4# 0-1


[Site "https://www.chess.com"]

[Event "Titled Tuesday Blitz July 11 Early 2023"]
[White "Womacka, Mathias"]
[Black "TomLiu777"]
[WhiteFideId "4611390"]
[WhiteElo "2487"]
[BlackElo "2360"]
[Result "1-0"]
[Round "6"]
[TimeControl "180+2"]
[Date "2023.07.11"]
[WhiteClock "0:00:16"]
[BlackClock "0:00:05"]
[Board "135"]

1. e4 e6 2. d4 d5 3. Nd2 Be7 4. Ngf3 Nf6 5. e5 Nfd7 6. Bd3 c5 7. c3 Nc6 8. O-O a5 9. a4 b6 10. Re1 Ba6 11. Bxa6 Rxa6 12. Nf1 g5 13. Be3 g4 14. N3d2 h5 15. f3 Rg8 16. fxg4 hxg4 17. Ng3 Bh4 18. Ndf1 Qe7 19. Bf2 Kd8 20. Qe2 Ra8 21. Nh5 Kc7 22. dxc5 Bxf2+ 23. Qxf2 Qxc5 24. Ne3 Ncxe5 25. Kh1 g3 26. Nxg3 Nd3 27. Qxf7 Nxe1 28. Rxe1 Rae8 29. Nc2 Ref8 30. Qxe6 Rxg3 31. Nd4 Rf6 32. Qxf6 Nxf6 33. Ne6+ Kd6 34. Nxc5 Rg8 35. Re6+ Kxc5 36. Rxf6 Re8 37. h4 Re1+ 38. Kh2 Re4 39. Kh3 Rxa4 40. h5 Ra1 41. h6 Rh1+ 42. Kg4 b5 43. Kg5 Rh2 44. g4 a4 45. Kg6 Rxb2 46. h7 Rh2 47. Kg7 Rxh7+ 48. Kxh7 Kc4 49. Rc6+ Kb3 50. g5 a3 51. g6 a2 52. Ra6 Kxc3 53. Rxa2 b4 54. g7 b3 55. Ra5 b2 56. Rb5 d4 57. g8=Q Kc2 58. Qg2+ Kc1 59. Qxb2+ Kd1 60. Qxd4+ Ke1 61. Qe3+ Kd1 62. Rb1+ Kc2 63. Rc1+ Kb2 64. Qc3+ Ka2 65. Ra1# 1-0


[Site "https://www.chess.com"]

[Event "Titled Tuesday Blitz July 11 Early 2023"]
[White "Nithyalakshmi, Sivanesan"]
[Black "lagarto93"]
[WhiteFideId "5706955"]
[WhiteElo "2359"]
[BlackElo "2487"]
[Result "0-1"]
[Round "6"]
[TimeControl "180+2"]
[Date "2023.07.11"]
[WhiteClock "0:00:02"]
[BlackClock "0:00:37"]
[Board "136"]

1. e4 e6 2. d4 d5 3. Bd3 dxe4 4. Bxe4 Nf6 5. Bf3 c5 6. Ne2 Be7 7. Nbc3 O-O 8. O-O Nbd7 9. Be3 cxd4 10. Bxd4 Qa5 11. Ng3 Rd8 12. Qe2 Bc5 13. Bxf6 Nxf6 14. Nge4 Be7 15. Rad1 Bd7 16. Nd6 Bxd6 17. Rxd6 Bc6 18. Rfd1 Rxd6 19. Rxd6 Qb4 20. Qd3 Nd5 21. Nxd5 exd5 22. Bxd5 Qe1+ 23. Qf1 Qe5 24. Rxc6 bxc6 25. Bxc6 Rd8 26. g3 Qxb2 27. Qc4 g6 28. Bd5 Qf6 29. a4 Qf5 30. Be4 Qd7 31. Bc6 Rc8 32. Bxd7 Rxc4 33. Bb5 Rxc2 34. Kg2 Kf8 35. Kf3 Ke7 36. Ke3 Kd6 37. h4 f5 38. f3 Ke5 39. f4+ Kd6 40. Kf3 Rc3+ 41. Kf2 Kc5 42. Be8 Kd4 43. Bf7 Ke4 44. Bg8 Rc2+ 45. Ke1 Ke3 46. Bxh7 Rc1# 0-1


[Site "https://www.chess.com"]